 Dungeon Crawl Stone Soup version 0.26.1-11-gd32895ea62 (webtiles) character file.

Game seed: 6101172312137974147

23 jlumianski the Caller (level 2, 0/11 HPs)
             Began as a Felid Summoner on May 22, 2021.
             Hit by a boomerang thrown by a hobgoblin (4 damage)
             ... on level 1 of the Dungeon.
             The game lasted 00:07:11 (1122 turns).

jlumianski the Caller (Felid Summoner)              Turns: 1122, Time: 00:07:13

Health: 0/11       AC:  1    Str:  4    XL:     2   Next: 75%
Magic:  1/6        EV: 18    Int: 16    God:
Gold:   19         SH:  0    Dex: 16    Spells: 2/5 levels left
                                        Lives:  0   Deaths: 0

rFire    . . .     SeeInvis +   (weapon unavailable)
rCold    . . .     Faith    .   (shield unavailable)
rNeg     . . .     Spirit   .   (armour unavailable)
rPois    .         Reflect  .   (helmet unavailable)
rElec    .         Harm     .   (cloak unavailable)
rCorr    .         Rampage  .   (gloves unavailable)
Will     .....                  (boots unavailable)
Stlth    +++.......             (no amulet)
HPRegen  0.03/turn              (no ring)
MPRegen  0.10/turn              (no ring)

@: quick
A: very small, no armour, no weapons or thrown items, stealth, claws 1, fangs 3,
see invisible, speed 1, shaggy fur 1, sharp paws
a: no special abilities


You were on level 1 of the Dungeon.
You visited 1 branch of the dungeon, and saw 1 of its levels.

You collected 19 gold pieces.

Inventory:

Scrolls
 c - a scroll of teleportation {unknown}
Potions
 a - a potion of curing {unknown}
 b - a potion of might {unknown}
 d - a potion of experience {unknown}


   Skills:
 + Level 2.8 Dodging
 + Level 2.8 Stealth
 + Level 0.1 Unarmed Combat
 + Level 2.4 Spellcasting
 + Level 4.4 Summonings


You had 2 spell levels left.
You knew the following spells:

 Your Spells              Type           Power        Failure   Level
a - Summon Small Mammal   Summ           64%          3%          1
b - Call Imp              Summ           16%          4%          2

Your spell library contained the following spells:

 Spells                   Type           Power        Failure   Level
 Call Canine Familiar     Summ           16%          10%         3
 Summon Guardian Golem    Hex/Summ       9%           24%         3
 Summon Ice Beast         Ice/Summ       9%           61%         4
 Summon Lightning Spire   Summ/Air       9%           61%         4


Dungeon Overview and Level Annotations

Branches:
Dungeon (1/15)

Altars:


Innate Abilities, Weirdness & Mutations

You cannot wear armour.
You are incapable of wielding weapons or throwing items.
Your paws allow you to move quietly. (Stealth)
You have sharp claws.
You have razor-sharp teeth.
You have supernaturally acute eyesight. (SInv)
You cover ground quickly.
You are covered in fur. (AC +1)
Your sharp claws are effective at attacking unaware monsters.


Message History

The boomerang misses you.
The weapon returns to the hobgoblin!
What are your orders? t - Meow!
Orders for allies: a - Attack new target. r - Retreat! s - Stop attacking. g - Guard the area. f - Follow me.
Anything else - Cancel.
Gang up on whom?
Press: ? - help, Dir - move target, f - hobgoblin
Aim: a hobgoblin, wielding a +0 short sword, wearing a cursed -2 chain mail and quivering 9 boomerangs Attack!
The hobgoblin throws a boomerang.
The boomerang closely misses your crimson imp.
The boomerang misses you.
The weapon returns to the hobgoblin!
Your bat hits the hobgoblin but does no damage.
Your crimson imp closely misses the hobgoblin.
The hobgoblin throws a boomerang.
The boomerang closely misses your crimson imp.
The boomerang completely misses your bat.
The boomerang hits you.
You die...

#.###'############......##...####
#............[..............(..[.
#.........########.......#..(.##.
#....[.)..# #............##.
#.........# #......#.....##.
..........########......#.....##.
..........##.......r....#.....##.
..........##....(...b...#.....##.
############....@..b.5g.##....##.
#..!..†......# #. ########.....$.
#. ..(.... #. #####.. #. .. #


You could see a hobgoblin, a friendly crimson imp (summoned), 2 friendly bats
and a friendly rat (summoned).

Vanquished Creatures
  A bat (D:1)
  A goblin (D:1)
  A kobold (D:1)
  A frilled lizard (D:1)
  2 rats (D:1)
6 creatures vanquished.

Vanquished Creatures (collateral kills)
  2 dart slugs (D:1)
  A leopard gecko (D:1)
  A ball python (D:1)
  A giant cockroach (D:1)
  2 goblins (D:1)
  3 hobgoblins (D:1)
  5 bats (D:1)
  3 kobolds (D:1)
  3 rats (D:1)
21 creatures vanquished.

Grand Total: 27 creatures vanquished

Notes
Turn   | Place    | Note
-------+----------+-------------------------------------------
     0 | D:1      | jlumianski the Felid Summoner began the quest for the Orb.
     0 | D:1      | Reached XP level 1. HP: 7/7 MP: 4/4
    10 | D:1      | Noticed a black bear
    10 | D:1      | Noticed a wolf
    11 | D:1      | Noticed a redback
    11 | D:1      | Noticed a swamp drake
   440 | D:1      | Reached XP level 2. HP: 11/11 MP: 1/6
   707 | D:1      | Learned a level 2 spell: Call Imp
  1122 | D:1      | Hit by a boomerang thrown by a hobgoblin

Illustrated notes

Levels and vault maps discovered:
D:1:      onia_arrival_zoo_common, layout_basic, minmay_hexomino_c4

Action                   || total
-------------------------++-------
Melee: Unarmed           ||    19
       Bite              ||     5
 Cast: Summon Small Mamm ||    53
       Call Imp          ||     4
 Stab: Sleeping          ||     4
       Distracted        ||     2
Armor: Skin              ||     2
Dodge: Dodged            ||    35
